 Dungeon Crawl Stone Soup version 0.18-a0-1164-g7046a04 (webtiles) character file.

126 namelastname112 the Chucker (level 4, -3/38 HPs)
             Began as a Draconian Hunter on Jan 25, 2016.
             Killed from afar by Natasha (8 damage)
             ... with a magic dart
             ... on level 2 of the Dungeon.
             The game lasted 00:04:32 (2494 turns).

namelastname112 the Chucker (Draconian Hunter)      Turns: 2494, Time: 00:04:32

Health: -3/38      AC:  5    Str: 19    XL:     4   Next: 83%
Magic:  0/4        EV: 12    Int: 12    God:
Gold:   50         SH:  0    Dex: 12    Spells: 0 memorised, 3 levels left

rFire  . . .     SeeInvis .     g - +0 whip
rCold  . . .     Gourm    .     (armour unavailable)
rNeg   . . .     Faith    .     (no shield)
rPois  .         Spirit   +     (helmet restricted)
rElec  .         Dismiss  .     (no cloak)
rCorr  .         Reflect  .     (no gloves)
SustAt .         Harm     .     (no boots)
MR     .....                    m - amulet of guardian spirit
Stlth  +.........               (no ring)
                                (no ring)

@: mighty, slowed, very slow, not resistant to hostile enchantments, very
unstealthy
A: unfitting armour, cold-blooded, AC +5
a: no special abilities


You were on level 2 of the Dungeon.
You were not hungry.

You visited 1 branch of the dungeon, and saw 2 of its levels.

You collected 50 gold pieces.

Inventory:

Hand Weapons
 a - a +0 short sword
 g - a +0 whip (weapon)
Missiles
 n - a throwing net (quivered)
Jewellery
 m - an amulet of guardian spirit (around neck)
Scrolls
 c - a scroll of fear {unknown}
 j - 3 scrolls of identify {unknown}
 k - a scroll of teleportation {unknown}
 o - a scroll of random uselessness {unknown}
 r - a scroll of blinking {unknown}
Potions
 e - a potion of invisibility {unknown}
 h - a potion of might
 i - 2 potions of cure mutation {unknown}
 l - a potion of curing {unknown}
 p - a potion of mutation {unknown}
 q - 2 potions of ambrosia {unknown}
Comestibles
 d - 3 bread rations
 f - a meat ration
 s - 2 chunks of flesh


   Skills:
 + Level 3.4 Fighting
 * Level 2.0 Maces & Flails
 + Level 4.3 Throwing
 + Level 2.5 Dodging
 - Level 0.8 Stealth


You had 3 spell levels left.
You didn't know any spells.

Dungeon Overview and Level Annotations

Branches:
Dungeon (2/15)

Altars:
Makhleb

Annotations:
D:2 Natasha


Innate Abilities, Weirdness & Mutations

Your plain brown scales are hard (AC +5).
Your body does not fit into most forms of armour.
You are cold-blooded and may be slowed by cold attacks.


Message History

You whack the white imp!
You kill the white imp!
Natasha mumbles some strange words.
You feel troubled.
Natasha zaps a wand.
You feel as though you will be slow longer.
You hit the shadow imp. You tail-slap the shadow imp.
You kill the shadow imp!
Natasha zaps a wand.
You feel as though you will be slow longer.
You closely miss Natasha.
Natasha zaps a wand.
You resist with some effort.
Natasha zaps a wand.
You resist with some effort.
You whack Natasha!
Natasha is heavily wounded.
Natasha zaps a wand.
You resist with some effort.
You closely miss Natasha.
Natasha is heavily wounded.
Natasha casts a spell at you. The magic dart hits you!
You die...

.....#..............#.#
#..# #####.##########.###
...#######.#..........(.#
...........#.########.#.#
...........#.# ..#.#
...........#.##### ### #
...........h.5...#
)..........#.###h#
(..........#.# #@#
......5....#.# #.#
...........#.###.###
...........#.......#
####..##.....###.#.# .#
##.##.....# #)#.#
.####.##.....# #.#.#
.......#.....# #.#.#
..####.#.....###.#.#


You could see Natasha.

Vanquished Creatures
  Natasha (twice) (D:2)
  An adder (D:2)
  An ooze (D:2)
  A worm (D:2)
  A giant gecko (D:1)
  A ball python (D:2)
  2 giant cockroaches
  10 goblins
  6 hobgoblins
  8 jackals
  4 kobolds
  10 bats
  5 giant newts (D:1)
  2 rats
54 creatures vanquished.

Notes
Turn   | Place    | Note
--------------------------------------------------------------
     0 | D:1      | namelastname112 the Draconian Hunter began the quest for the Orb.
     0 | D:1      | Reached XP level 1. HP: 17/17 MP: 1/1
   149 | D:1      | Reached XP level 2. HP: 12/25 MP: 2/2
   579 | D:1      | Reached skill level 4 in Throwing
   624 | D:1      | HP: 1/25 [giant newt (3)]
   996 | D:1      | Reached XP level 3. HP: 8/30 MP: 3/3
  1702 | D:2      | Noticed Natasha
  1713 | D:2      | Killed Natasha
  1713 | D:2      | Reached skill level 1 in Maces & Flails
  1719 | D:2      | Noticed Natasha
  1725 | D:2      | HP: 1/31 [Natasha/magic dart (2)]
  1733 | D:2      | Killed Natasha
  1733 | D:2      | Reached XP level 4. HP: 2/38 MP: 1/4
  2313 | D:2      | Found a burning altar of Makhleb.
  2324 | D:2      | Found a faded altar to an unknown god.
  2467 | D:2      | Noticed Natasha
  2494 | D:2      | Killed from afar by Natasha

Vault maps used:
D:1:      evilmike_arrival_rings
D:2:      lemuel_doored_altar, ecumenical_altar_2, uniq_natasha

Action                   |  1- 3 |  4- 6 || total
-------------------------+-------+-------++-------
Melee: Short sword       |    71 |       ||    71
       Whip              |    52 |    97 ||   149
Throw: Javelin           |    19 |     6 ||    25
       Throwing net      |     2 |       ||     2
  Use: Potion            |       |     1 ||     1
 Stab: Sleeping          |       |     2 ||     2
  Eat: Chunk             |     2 |     3 ||     5
